 Dungeon Crawl Stone Soup version bcrawl-1.29.2 (webtiles) character file.

Game seed: 11874444338712890141

112998 KristoblXynda the Charmwright (level 4, -4/23 HPs)
             Began as a Spriggan Skald on Feb 22, 2021.
             Slain by a worker ant (5 damage)
             ... on level 3 of the Dungeon.
             The game lasted 00:03:12 (2588 turns).

KristoblXynda the Charmwright (Spriggan Skald)      Turns: 2588, Time: 00:03:13

Health: -4/23      AC:  2    Str:  8    XL:     4   Next: 49%
Magic:  7/10       EV: 19    Int: 14    God:
Gold:   47         SH:  0    Dex: 15    Spells: 7/10 levels left

rFire    . . .     SeeInvis +   c - +0 short sword
rCold    . . .     Gourm    .   (shield restricted)
rNeg     . . .     Faith    .   b - +0 robe
rPois    .         Spirit   .   (helmet restricted)
rElec    .         Reflect  .   (no cloak)
rCorr    .         Harm     .   (gloves unavailable)
MR       .....                  (boots unavailable)
Stlth    ++........             (no amulet)
HPRegen  0.07/turn              (no ring)
MPRegen  0.12/turn              (no ring)

@: lethally poisoned (-4 -> -9), infused, very quick
A: very small, unfitting armour, see invisible, herbivore, speed 3, slow
metabolism 2
a: no special abilities


You were on level 3 of the Dungeon.
You were hungry.

You visited 1 branch of the dungeon, and saw 3 of its levels.

You collected 47 gold pieces.

Inventory:

Hand Weapons
 c - a +0 short sword (weapon)
Armour
 b - a +0 robe (worn)
Scrolls
 d - a scroll of fear
 f - 7 scrolls of remove curse {unknown}
 j - a scroll of immolation {unknown}
 k - 2 scrolls of blinking {unknown}
 m - a scroll of teleportation {unknown}
Potions
 a - a potion of curing
 g - a potion of mutation
 h - a potion of invisibility
Comestibles
 e - 2 rations {!d}


   Skills:
 - Level 2.0 Fighting
 + Level 3.3 Short Blades
 + Level 4.5 Dodging
 + Level 1.8 Stealth
 + Level 3.5 Spellcasting
 + Level 5.2 Charms


You had 7 spell levels left.
You knew the following spells:

 Your Spells              Type           Power        Failure   Level  Hunger
a - Infusion              Chrm           ###.....     2%          1    None
b - Song of Slaying       Chrm           ###.....     3%          2    None

Your spell library contained the following spells:

 Spells                   Type           Power        Failure   Level  Hunger
 Ozocubu's Armour         Chrm/Ice       #.......     21%         3    ####...
 Regeneration             Chrm/Necr      #.........   21%         3    ####...
 Spectral Weapon          Hex/Chrm       #.......     21%         3    ####...


Dungeon Overview and Level Annotations

Branches:
Dungeon (3/12)

Altars:
Lugonu


Innate Abilities, Weirdness & Mutations

You are very small and have problems with some larger weapons.
You are too small for most types of armour.
You have supernaturally acute eyesight. (SInv)
You are a herbivore.
You cover ground extremely quickly.
You need to consume almost no food.


Message History

You barely miss the worker ant.
The worker ant is moderately wounded.
You feel sick. The worker ant barely misses you.
You feel sick.
You feel sick.
Casting: Infusion (safe; 2% risk of failure)
Confirm with . or Enter, or press ? or * to list all spells.
You begin infusing your attacks with magical energy.
You hit the worker ant.
The worker ant is severely wounded.
You feel sick. The worker ant bites you.
You hit the worker ant.
The worker ant is almost dead.
The worker ant bites you.
* * * LOW HITPOINT WARNING * * *
You closely miss the worker ant.
The worker ant is almost dead.
* * * LOW HITPOINT WARNING * * *
You feel sick. The worker ant bites you.
You die...

#...## ##..#
####..## ##.####
#.....#######..†..
#.##..........###.
#.##.#.#####.## #.
#.##.##.###.## #.
#.##.###..(######.
#.##............#.
#@#######.#####.#.
#a# #.# #.#.
#.#######. #.#.
#.........#####.#.
#..######.........
#...........#
#..####...
#.##..#..##.# #.
#### #..#... .. #.
#.... .#


You could see a worker ant.

Vanquished Creatures
  4 adders
  An ooze (D:3)
  A worm (D:2)
  5 leopard geckos
  5 giant cockroaches
  4 goblins
  7 hobgoblins
  4 jackals (D:2)
  8 kobolds
  A quokka (D:2)
  3 bats
  3 frilled lizards
  5 rats
51 creatures vanquished.

Notes
Turn   | Place    | Note
-------+----------+-------------------------------------------
     0 | D:1      | KristoblXynda the Spriggan Skald began the quest for the
                  | Orb.
     0 | D:1      | Reached XP level 1. HP: 10/10 MP: 5/5
   243 | D:1      | Found a corrupted altar of Lugonu.
   251 | D:1      | Reached XP level 2. HP: 8/15 MP: 6/6
   327 | D:1      | Learned a level 2 spell: Song of Slaying
   937 | D:2      | Reached XP level 3. HP: 5/18 MP: 0/8
  1576 | D:2      | Reached skill level 5 in Charms
  1753 | D:2      | Reached skill level 1 in Stealth
  1784 | D:2      | Reached XP level 4. HP: 3/23 MP: 2/10
  2588 | D:3      | HP: 1/23 [poisoned by a worker ant]
  2588 | D:3      | Slain by a worker ant

Skill      XL: |  1  2  3 |
---------------+----------+-----
Spellcasting   | 3 |  3.5
Dodging        | 4 |  4.5
Fighting       | 2 |  2.0
Short Blades   | 3 |  3.3
Charms         | 5 |  5.2
Stealth        | 1 |  1.8

Action                   |  1- 3 |  4- 6 || total
-------------------------+-------+-------++-------
Melee: Short sword       |   155 |    52 ||   207
       Rapier            |    18 |       ||    18
 Cast: Infusion          |     4 |     2 ||     6
  Use: Scroll            |     2 |       ||     2
       Potion            |     1 |     2 ||     3
 Stab: Sleeping          |     6 |     1 ||     7
  Eat: Ration            |     1 |       ||     1
Armor: Robe              |    12 |     2 ||    14
Dodge: Dodged            |   141 |    36 ||   177
